Map: Central Protocol

Players

speaknow (ByuN) - Winner!

  • Race: Terran Terran

Patience

  • Race: Protoss Protoss
  • League: Grandmaster

Event: Byun vs Patience (matcherino)

VOD

https://www.youtube.com/watch?v=t7lUuaDMUkE

Description

Time

  • Played on: Nov. 23, 2015, 9:45 a.m.
  • Length: 8:51

All games in this series

Show
View Real Time Build Order
Export as new Build Order

speaknow Terran - Winner!

Build Orders: Liberator Opening, Reaper Expand 

Get SALT Encoding   

  12  0:00  SCV  
  13  0:13  SCV  
  14  0:18  Supply Depot  
  14  0:25  SCV  
  15  0:39  SCV  
  15  0:41  Barracks  
  16  0:43  Refinery  
  16  0:52  SCV  
  17  1:04  SCV  
  18  1:16  SCV  
  19  1:28  Reaper, Orbital Command  
  20  1:41  Command Center  
  20  1:51  Supply Depot  
  20  1:53  SCV  
  21  2:00  Barracks Reactor  
  21  2:06  SCV  
  22  2:18  SCV  
  22  2:19  Bunker  
  22  2:20  Factory  
  23  2:30  SCV  
  23  2:35  Refinery  
  23  2:37  Marine x2  
  24  2:42  SCV  
  27  2:54  SCV, Marine  
  27  2:55  Orbital Command, Marine  
  30  3:06  SCV, Widow Mine  
  30  3:07  Starport  
  30  3:12  Marine x2  
  35  3:20  Supply Depot  
  35  3:21  SCV  
  35  3:22  SCV  
  37  3:30  Liberator  
  37  3:33  SCV, Marine x2  
  37  3:34  SCV  
  40  3:37  Widow Mine  
  42  3:45  Supply Depot  
  42  3:46  SCV x2  
  47  3:58  SCV x2  
  47  3:59  Marine x2  
  51  4:07  Factory Tech Lab  
  51  4:10  SCV x2  
  51  4:13  Supply Depot  
  51  4:14  Liberator  
  51  4:16  Barracks  
  53  4:19  Marine x2  
  53  4:20  Barracks  
  53  4:22  SCV x2  
  57  4:34  SCV x2  
  57  4:36  Factory Tech Lab  
  62  4:38  Engineering Bay  
  62  4:43  Marine x2  
  64  4:46  SCV x2  
  64  4:48  Refinery  
  66  4:53  Supply Depot  
  66  4:55  Supply Depot  
  66  4:58  SCV x2  
  68  5:01  Marine x2  
  68  5:02  Factory Reactor  
  70  5:10  SCV x2  
  65  5:21  Stimpack, Marauder  
  65  5:22  SCV  
  65  5:23  SCV  
  65  5:27  Marine x2  
  68  5:34  SCV  
  68  5:35  SCV  
  63  5:47  SCV x2  
  55  5:54  Missile Turret  
  55  5:59  SCV x2  
  55  6:03  Marine x2  
  55  6:07  Marauder  
  55  6:11  SCV x2  
  55  6:23  SCV x2  
  55  6:35  SCV x2  
  55  6:38  Medivac, Widow Mine x2  
  63  6:43  Missile Turret  
  63  6:47  SCV  
  64  6:56  Marine x2  
  68  7:01  Marauder  
  68  7:03  Marauder  
  68  7:06  SCV  
  71  7:14  SCV  
  72  7:18  SCV  
  72  7:19  Marine x2  
  75  7:27  Widow Mine x2  
  75  7:28  Starport Reactor  
  79  7:37  Marauder  
  79  7:40  SCV x2  
  83  7:49  Concussive Shells  
  83  7:52  SCV x2  
  85  8:03  Marine  
  86  8:21  Supply Depot  
  86  8:22  Supply Depot  
  86  8:24  Barracks  
  86  8:25  Barracks, Marine  
  86  8:26  SCV, Marauder  
  86  8:35  SCV  
Show
View Real Time Build Order
Export as new Build Order

Patience Protoss 

Build Orders: 1 Gate Expand, Dark Templar Rush 

Get SALT Encoding   

  12  0:01  Probe (Chrono Boost)  
  13  0:11  Probe (Chrono Boost)  
  14  0:17  Pylon  
  14  0:26  Probe (Chrono Boost)  
  15  0:37  Probe (Chrono Boost)  
  15  0:38  Gateway  
  16  0:47  Probe (Chrono Boost)  
  16  0:49  Assimilator  
  17  0:53  Assimilator  
  17  0:58  Probe (Chrono Boost)  
  18  1:08  Probe (Chrono Boost)  
  19  1:19  Probe (Chrono Boost)  
  20  1:25  Cybernetics Core  
  20  1:29  Probe (Chrono Boost)  
  21  1:43  Nexus  
  21  1:45  Probe (Chrono Boost)  
  22  1:52  Pylon  
  22  1:56  Probe (Chrono Boost)  
  22  2:11  Mothership Core (Chrono Boost)  
  22  2:12  Adept  
  26  2:17  Warp Gate  
  26  2:29  Probe (Chrono Boost)  
  27  2:40  Twilight Council, Probe (Chrono Boost)  
  27  2:41  Pylon  
  28  2:50  Probe (Chrono Boost)  
  29  2:57  Probe (Chrono Boost)  
  30  3:00  Robotics Facility  
  30  3:01  Probe (Chrono Boost)  
  31  3:07  Probe (Chrono Boost)  
  31  3:11  Probe (Chrono Boost)  
  33  3:17  Resonating Glaives (Chrono Boost)  
  33  3:18  Probe (Chrono Boost)  
  34  3:22  Probe (Chrono Boost)  
  35  3:28  Probe (Chrono Boost)  
  35  3:32  Probe (Chrono Boost)  
  37  3:38  Gateway  
  37  3:40  Gateway  
  37  3:42  Gateway  
  37  3:45  Warp Prism  
  39  3:56  Dark Shrine  
  39  3:58  Probe  
  39  4:00  Probe  
  41  4:07  Assimilator  
  41  4:10  Probe (Chrono Boost)  
  41  4:11  Assimilator  
  41  4:12  Probe (Chrono Boost)  
  43  4:19  Pylon  
  43  4:21  Observer  
  43  4:22  Probe (Chrono Boost)  
  45  4:30  Probe (Chrono Boost)  
  46  4:32  Probe (Chrono Boost)  
  46  4:33  Pylon  
  46  4:37  Adept x2  
  46  4:38  Adept  
  53  4:43  Observer  
  55  4:46  Probe x2 (Chrono Boost)  
  56  4:56  Pylon  
  56  5:01  Probe x2 (Chrono Boost)  
  56  5:04  Adept x3  
  56  5:05  Adept  
  64  5:20  Probe (Chrono Boost)  
  64  5:21  Probe (Chrono Boost)  
  66  5:22  Pylon  
  66  5:25  Dark Templar x2  
  68  5:33  Probe x2 (Chrono Boost)  
  66  5:37  Dark Templar  
  68  5:43  Probe x2 (Chrono Boost)  
  68  5:44  Dark Templar  
  60  5:54  Probe (Chrono Boost)  
  59  5:58  Probe (Chrono Boost)  
  60  6:04  Probe (Chrono Boost)  
  60  6:07  Nexus  
  60  6:10  Robotics Bay  
  62  6:12  Forge  
  62  6:13  Pylon  
  58  6:19  Probe (Chrono Boost)  
  58  6:20  Probe (Chrono Boost)  
  58  6:24  Dark Templar  
  62  6:26  Blink (Chrono Boost)  
  62  6:32  Probe x2 (Chrono Boost)  
  59  6:45  Sentry x3  
  65  6:47  Protoss Ground Weapons Level 1 (Chrono Boost)  
  63  7:02  Stalker  
  63  7:08  Probe x2  
  66  7:18  Probe  
  66  7:20  Probe x2  
  69  7:22  Gateway  
  69  7:23  Disruptor (Chrono Boost)  
  69  7:25  Gateway  
  69  7:26  Gateway  
  69  7:27  Gateway  
  72  7:37  Stalker x3  
  72  7:39  Probe x2  
  80  7:48  Pylon  
  80  7:50  Pylon  
  80  7:55  Disruptor (Chrono Boost)  
  80  7:56  Stalker  
  84  8:03  Dark Templar x2  
  88  8:08  Probe  
  88  8:09  Probe x2  
  88  8:11  Assimilator  
  91  8:15  Assimilator  
  91  8:16  Photon Cannon  
  91  8:19  Stalker x2  
  78  8:29  Stalker  

Tags
 
Add a new tag
Caveats
  • Supply blocks, unpowered buildings, or Contaminate may cause inaccurate times.
  • Supply counts are checked every 10 seconds.